 Dungeon Crawl Stone Soup version 0.24.1-14-gf8d2b509d9 (webtiles) character file.

Game seed: 17669683550290387333, levelgen mode: deterministic

59 Chiseanne the Skirmisher (level 4, -5/41 HPs)
             Began as a Gnoll Wanderer on May 31, 2020.
             Slain by an ogre
             ... wielding a +0 giant club
              (20 damage)
             ... on level 5 of the Dungeon.
             The game lasted 00:04:43 (1684 turns).

Chiseanne the Skirmisher (Gnoll Wanderer)           Turns: 1684, Time: 00:04:43

Health: -5/41      AC:  2    Str: 14 (16) XL:     4   Next: 3%
Magic:  5/5        EV: 13    Int: 11 (13) God:
Gold:   103        SH:  0    Dex: 12 (15) Spells: 5/5 levels left

rFire    . . .     SeeInvis .   a - +2 spear
rCold    . . .     Gourm    .   (no shield)
rNeg     . . .     Faith    .   d - +0 robe
rPois    .         Spirit   .   (no helmet)
rElec    .         Reflect  .   (no cloak)
rCorr    .         Harm     .   (no gloves)
MR       .....                  (no boots)
Stlth    ++........             (no amulet)
HPRegen  0.13/turn              (no ring)
MPRegen  0.09/turn              (no ring)

@: no status effects
A: distributed training, fangs 1, strong nose
a: no special abilities


You were on level 5 of the Dungeon.
You were very hungry.

You visited 1 branch of the dungeon, and saw 5 of its levels.

You collected 103 gold pieces.

Inventory:

Hand Weapons
 a - a +2 spear (weapon)
 c - a +0 short sword
 e - a +0 dagger
 t - a +1 dagger of speed
Missiles
 h - 11 bolts
 p - 66 arrows
 u - 2 poisoned darts (quivered)
Armour
 d - a +0 robe (worn)
Jewellery
 i - an uncursed ring of see invisible {unknown}
 s - an uncursed ring of see invisible {unknown}
Scrolls
 b - a scroll of teleportation
 g - 2 scrolls of enchant weapon {unknown}
 k - a scroll of identify {unknown}
 q - 3 scrolls of remove curse {unknown}
Potions
 n - a potion of curing {unknown}
 o - a potion of invisibility {unknown}
Comestibles
 f - 4 rations


   Skills:
 + Level 6.5 Fighting
 + Level 2.7 Short Blades
 + Level 1.0 Long Blades
 + Level 1.0 Axes
 + Level 1.0 Maces & Flails
 + Level 4.6 Polearms
 + Level 1.0 Staves
 + Level 1.0 Slings
 + Level 1.0 Bows
 + Level 1.0 Crossbows
 + Level 2.7 Throwing
 + Level 1.0 Armour
 + Level 2.7 Dodging
 + Level 4.2 Stealth
 + Level 1.0 Shields
 + Level 1.0 Unarmed Combat
 + Level 1.0 Spellcasting
 + Level 0.7 Conjurations
 + Level 0.7 Hexes
 + Level 0.7 Charms
 + Level 0.7 Summonings
 + Level 0.7 Necromancy
 + Level 0.7 Translocations
 + Level 0.7 Transmutations
 + Level 0.7 Fire Magic
 + Level 0.7 Ice Magic
 + Level 0.7 Air Magic
 + Level 0.7 Earth Magic
 + Level 0.7 Poison Magic
 + Level 1.1 Invocations
 + Level 1.0 Evocations


You had 5 spell levels left.
You didn't know any spells.
Your spell library was empty.

Dungeon Overview and Level Annotations

Branches:
Dungeon (5/15)
 Temple: D:4-7

Altars:


Innate Abilities, Weirdness & Mutations

Your experience applies equally to all skills.
You have very sharp teeth.
Your uncanny sense of smell can sniff out nearby items.


Message History

The jackal is almost dead.
The jackal misses you. The jackal barely misses you.
You hit the jackal.
You kill the jackal!
The crimson imp summons a swarm of flies.
You hit the ogre. You bite the ogre, but do no damage.
The ogre is moderately wounded.
The crimson imp hits you. The ogre closely misses you.
You hit the ogre. You bite the ogre, but do no damage.
The ogre is moderately wounded.
The crimson imp closely misses you.
You hit the ogre.
The ogre is heavily wounded.
The ogre hits you with a +0 giant club!!
Ouch! That really hurt!
The crimson imp barely misses you.
You hit the ogre. Your bite misses the ogre.
The ogre is heavily wounded.
The ogre hits you with a +0 giant club!!
You die...

.. .. #.. ....
##5O. .....##
##...∆
..#....####....
.......#...h#
#.........# .
#.......O##
..###......5@#
...........#.#
..##.......###
.......<...#
............#
...............
...........#....
∆
........#####...
.......## ...


You could see an ogre and a crimson imp.

Vanquished Creatures
  An adder (D:2)
  A gnoll (D:2)
  A dart slug (D:3)
  A leopard gecko (D:1)
  2 orcs (D:3)
  A ball python (D:1)
  3 goblins (D:1)
  6 hobgoblins
  4 jackals (D:5)
  A quokka (D:2)
  5 bats (D:1)
  3 kobolds (D:1)
  4 rats
33 creatures vanquished.

Notes
Turn   | Place    | Note
-------+----------+-------------------------------------------
     0 | D:1      | Chiseanne the Gnoll Wanderer began the quest for the Orb.
     0 | D:1      | Chiseanne set off with the following items: a +2 spear, a
                  | scroll of teleportation, a +0 short sword, a +0 robe, a +0
                  | dagger, a ration
     0 | D:1      | Reached XP level 1. HP: 23/23 MP: 1/1
   176 | D:1      | Reached XP level 2. HP: 29/29 MP: 2/2
   492 | D:2      | Reached XP level 3. HP: 28/35 MP: 3/3
   840 | D:2      | Reached skill level 1 in Invocations
  1320 | D:3      | Reached skill level 1 in Long Blades
  1320 | D:3      | Reached skill level 1 in Axes
  1320 | D:3      | Reached skill level 1 in Maces & Flails
  1320 | D:3      | Reached skill level 1 in Staves
  1320 | D:3      | Reached skill level 1 in Slings
  1320 | D:3      | Reached skill level 1 in Bows
  1320 | D:3      | Reached skill level 1 in Crossbows
  1320 | D:3      | Reached skill level 1 in Armour
  1320 | D:3      | Reached skill level 1 in Shields
  1320 | D:3      | Reached skill level 1 in Unarmed Combat
  1320 | D:3      | Reached skill level 1 in Spellcasting
  1320 | D:3      | Reached skill level 1 in Evocations
  1327 | D:4      | Noticed an orc warrior
  1333 | D:4      | Noticed an ogre
  1396 | D:5      | Entered Level 5 of the Dungeon
  1672 | D:5      | Noticed an ogre
  1675 | D:5      | Reached XP level 4. HP: 40/41 MP: 5/5
  1684 | D:5      | Slain by an ogre

Levels and vault maps discovered:
D:1:      dpeg_arrival_signposts, layout_rooms
D:2:      layout_basic, first_ration, corexii_leaking_fountain,
          nrook_loot_triangle
D:3:      layout_loops_ring, kennysheep_vampire_church,
          kennysheep_generic_room_3
D:4:      layout_basic, serial_shops, shop
D:5:      layout_layer_cave, minmay_temple_entry_butterflies,
          hangedman_decor_slide_cut, evilmike_ruin_ashenzari

Skill      XL: |  1  2  3 |
---------------+----------+-----
Invocations    | 1 |  1.1
Long Blades    | 1 |  1.0
Axes           | 1 |  1.0
Maces & Flails | 1 |  1.0
Staves         | 1 |  1.0
Slings         | 1 |  1.0
Bows           | 1 |  1.0
Crossbows      | 1 |  1.0
Armour         | 1 |  1.0
Shields        | 1 |  1.0
Unarmed Combat | 1 |  1.0
Spellcasting   | 1 |  1.0
Evocations     | 1 |  1.0
Fighting       | |  6.5
Short Blades   | |  2.7
Polearms       | |  4.6
Throwing       | |  2.7
Dodging        | |  2.7
Stealth        | |  4.2
Conjurations   | |  0.7
Hexes          | |  0.7
Charms         | |  0.7
Summonings     | |  0.7
Necromancy     | |  0.7
Translocations | |  0.7
Transmutations | |  0.7
Fire Magic     | |  0.7
Ice Magic      | |  0.7
Air Magic      | |  0.7
Earth Magic    | |  0.7
Poison Magic   | |  0.7

Action                   |  1- 3 |  4- 6 || total
-------------------------+-------+-------++-------
Melee: Spear             |    93 |     9 ||   102
       Bite              |     5 |     2 ||     7
Throw: Stone             |     1 |       ||     1
       Dart              |     7 |       ||     7
  Use: Potion            |     3 |       ||     3
       Scroll            |     1 |       ||     1
 Stab: Sleeping          |     5 |       ||     5
  Eat: Chunk             |     1 |       ||     1
Armor: Robe              |    11 |       ||    11
Dodge: Dodged            |    59 |     9 ||    68
